 Dungeon Crawl Stone Soup version 0.31-a0-355-g57cb03d3e8 (webtiles) character file.

Game seed: 3266134731545472043

21 Midn8 the Ruffian (level 2, -1/23 HPs)
             Began as an Armataur Shapeshifter on July 24, 2023.
             Succumbed to an adder's poison
             ... on level 2 of the Dungeon.
             The game lasted 00:01:09 (800 turns).

Midn8 the Ruffian (Armataur Shapeshifter)            Turns: 800, Time: 00:01:10

Health: -1/23      AC:  4    Str: 20    XL:     2   Next: 65%
Magic:  2/2        EV:  9    Int:  8    God:
Gold:   68         SH:  0    Dex: 10    Spells: 1/1 levels left

rFire   . .          .
                       - Unarmed
rCold   . . .        (no shield)
rNeg    . . .        a - +0 animal skin
rPois   .            (helmet currently unavailable)
rElec   .            (cloak currently unavailable)
rCorr   .            (gloves currently unavailable)
SInv    .            (no barding)
Will    .....        (no amulet)
Stlth   +            i - ring of wizardry
HPRegen 0.23/turn    (no ring)
MPRegen 0.08/turn

%: roll, wizardry (x1)
@: mighty, lethally poisoned (-1 -> -8), beast-form
A: beast (slay +1), large, rugged brown scales 3, deformed body, armoured tail,
roll, long tongue, awkward tongue
a: Begin Untransformation


You were on level 2 of the Dungeon.
You were a hulking beast.
You visited 1 branch of the dungeon, and saw 2 of its levels.

You collected 68 gold pieces.

Inventory:

Missiles
 d - 3 boomerangs
 f - 2 poisoned darts
Armour
 a - a +0 animal skin (worn)
 k - a +0 helmet
Jewellery
 i - a ring of wizardry (left hand)
Talismans
 c - a beast talisman
Scrolls
 e - a scroll of fog {unknown}
 h - a scroll of poison {unknown}
 l - a scroll of blinking {unknown}
Potions
 b - a potion of lignification
 j - a potion of berserk rage {unknown}


   Skills:
 - Level 0.8 Fighting
 - Level 1.3 Dodging
 + Level 3.6 Unarmed Combat
 - Level 2.6 Shapeshifting


You had one spell level left.
You didn't know any spells.
Your spell library was empty.

Dungeon Overview and Level Annotations

Branches:
Dungeon (2/15)

Altars:


Innate Abilities, Weirdness & Mutations

You are a hulking beast.
Your limbs bulge with bestial killing power. (Slay +1)
You are completely covered in rugged brown scales. (AC +3, +7% HP)
Armour fits poorly on your strangely shaped body.
You have a long armoured tail.
You roll when moving toward enemies. (Rampage)
Your long tongue fully drains potion bottles. (2x potion effects)
Your tongue gives you trouble enunciating. (1.5x scroll delay)


Message History

A hobgoblin is nearby!
The hobgoblin shouts!
You hear an angry hiss.
You roll towards the hobgoblin!
You closely miss the hobgoblin. The hobgoblin hits you.
You closely miss the hobgoblin.
The hobgoblin hits you but does no damage.
You hit the hobgoblin.
The hobgoblin is heavily wounded.
The hobgoblin hits you but does no damage.
You closely miss the hobgoblin.
Your tail-slap misses the hobgoblin.
The hobgoblin is heavily wounded.
The hobgoblin hits you.
You hit the hobgoblin.
You kill the hobgoblin!
You hit the quokka but do no damage. The quokka barely misses you.
You hit the quokka. You tail-slap the quokka.
You kill the quokka!
You barely miss the adder. The adder bites you.
You are poisoned.
The adder poisons you! The adder bites you.
You miss the adder.
You feel sick. The adder bites you.
You hit the adder.
The adder is lightly wounded.
You feel sick. The adder bites you.
* * * LOW HITPOINT WARNING * * *
You hit the adder.
The adder is moderately wounded.
You feel sick. The adder bites you but does no damage.
You hit the adder.
The adder is almost dead.
You feel sick. The adder bites you.
* * * LOW HITPOINT WARNING * * *
The adder bites you.
* * * LOW HITPOINT WARNING * * *
You are more poisoned.
The adder poisons you!
It was a potion of might.
You feel very mighty all of a sudden.
You slurp down every last drop of the potion of might!
You die...

###### #....# #....#
#....# #(...# #####
######....######......
.......<......hS......
######....######......
#......# ###..####
#..#....# ........#
#.##....# ........#
.......... .r......#
#.#####.#### .......$#
.. #.# .....S.<#
##..#####


You could see an adder.

Vanquished Creatures
  A bat (D:1)
  An endoplasm (D:1)
  A giant cockroach (D:1)
  3 goblins (D:1)
  2 hobgoblins
  4 kobolds (D:1)
  A quokka (D:2)
  A ball python (D:2)
  2 frilled lizards (D:1)
  2 rats (D:1)
18 creatures vanquished.

Notes
Turn   | Place    | Note
-------+----------+-------------------------------------------
     0 | D:1      | Midn8 the Armataur Shapeshifter began the quest for the
                  | Orb.
     0 | D:1      | Reached XP level 1. HP: 16/16 MP: 1/1
    23 | D:1      | Reached skill level 3 in Unarmed Combat
   321 | D:1      | Reached XP level 2. HP: 23/23 MP: 2/2
   799 | D:2      | HP: 1/23 [adder (2)]
   800 | D:2      | Succumbed to an adder's poison

Illustrated notes

Levels and vault maps discovered:
D:1:      minmay_arrival_radiant_lines, layout_loops_ring,
          amcnicky_mini_pool_small
D:2:      layout_rooms, basic_altar

Skill      XL: |  1 |
---------------+----+-----
Unarmed Combat | 3 |  3.6
Fighting       | |  0.8
Dodging        | |  1.3
Shapeshifting  | |  2.6

Action                     || total
---------------------------++-------
  Melee: Unarmed           ||    48
         Tailslap          ||     4
         Punch             ||     1
    Use: Potion            ||     1
 Armour: Animal skin       ||    11
  Dodge: Dodged            ||    13

Table legend: (Time is in decaauts)
 A = Elapsed time spent in this place.
 B = Non-inter-level travel time spent in this place.
 C = Inter-level travel time spent in this place.
 D = Time resting spent in this place.
 E = Time spent auto-exploring this place.
 F = Levels seen in this place.
 G = Mean time per level.
                   A        B        C        D        E       F      G
               +--------+--------+--------+--------+--------+-----+--------+
         Total |    796 |    766 |     30 |    124 |    509 |   2 |  398.0 |
       Dungeon |    796 |    766 |     30 |    124 |    509 |   2 |  398.0 |
               +--------+--------+--------+--------+--------+-----+--------+

Top non-repeatable levels by time:
     D:1: 772 daAuts
     D:2: 23 daAuts
